 Dungeon Crawl Stone Soup version 0.31-a0-1068-g5939ac1fb6 (webtiles) character file.

Game seed: 11318861379038211985

93 Nedwor the Chopper (level 4, -1/38 HPs)
             Began as a Minotaur Gladiator on Nov 25, 2023.
             Slain by Terence
             ... wielding a +2 hand axe of electrocution
              (4 damage)
             ... on level 3 of the Dungeon.
             The game lasted 00:02:39 (1773 turns).

Nedwor the Chopper (Minotaur Gladiator)             Turns: 1773, Time: 00:02:41

Health: -1/38      AC:  8    Str: 20    XL:     4   Next: 36%
Magic:  3/3        EV: 10    Int:  5    God:
Gold:   53         SH:  0    Dex: 12    Spells: 3/3 levels left

rFire   . . .        a - +1 war axe
rCold   . . .        (no shield)
rNeg    . . .        h - +2 scale mail {rPois}
rPois   +            c - +0 hat
rElec   .            (no cloak)
rCorr   .            (no gloves)
SInv    .            (no boots)
Will    .....        (no amulet) Stlth
                     (no ring)
HPRegen 0.26/turn    (no ring)
MPRegen 0.08/turn

%: no passive effects
@: no status effects
A: horns 2, retaliatory headbutt
a: no special abilities


You were on level 3 of the Dungeon.
You visited 1 branch of the dungeon, and saw 3 of its levels.

You collected 53 gold pieces.

Inventory:

Hand Weapons
 a - a +1 war axe (weapon)
Missiles
 d - 3 throwing nets (quivered)
 e - a javelin
Armour
 c - a +0 hat (worn)
 h - a +2 scale mail of poison resistance (worn)
Wands
 b - a wand of polymorph (15)
Scrolls
 g - a scroll of blinking
 m - a scroll of teleportation
Potions
 i - a potion of might {unknown}
 k - 2 potions of brilliance {unknown}
 l - a potion of berserk rage {unknown}
 n - a potion of attraction {unknown}


   Skills:
 + Level 3.4 Fighting
 * Level 5.2 Axes
 - Level 2.0 Throwing
 + Level 2.2 Armour
 - Level 3.2 Dodging


You had 3 spell levels left.
You didn't know any spells.
Your spell library contained the following spells:

 Spells                   Type           Power      Damage    Failure   Level
 Necrotise                Necr           0%         1d4       83%         1
 Vampiric Draining        Necr           0%         2d6       99%         3
 Agony                    Necr           0%         N/A       100%        5


Dungeon Overview and Level Annotations

Branches:
Dungeon (3/15)

Altars:

Annotations:
D:3 Terence


Innate Abilities, Weirdness & Mutations

You have a pair of horns on your head.
You reflexively headbutt those who attack you in melee.


Message History

Terence hits you but does no damage.
You closely miss Terence.
Terence is moderately wounded.
You hit the adder. The adder closely misses you. The adder barely misses you.
You furiously retaliate!
You headbutt the adder. Terence misses you.
You hit the adder.
You kill the adder!
You barely miss Terence. Terence hits you but does no damage.
You are electrocuted!!
Ouch! That really hurt!
You are too injured to fight recklessly!
You are too injured to fight recklessly!
You are too injured to fight recklessly!
You are too injured to fight recklessly!
You are too injured to fight recklessly!
You are too injured to fight recklessly!
You are too injured to fight recklessly!
You are too injured to fight recklessly!
You are too injured to fight recklessly!
You are too injured to fight recklessly!
You are too injured to fight recklessly!
You are too injured to fight recklessly!
You are too injured to fight recklessly!
You are too injured to fight recklessly!
You are too injured to fight recklessly!
Unknown command.
You are too injured to fight recklessly!
Unknown command.
You barely miss Terence. You headbutt Terence.
Terence is heavily wounded.
Terence hits you with a +2 hand axe of electrocution.
You completely miss Terence.
Terence is heavily wounded.
Terence hits you with a +2 hand axe of electrocution.
* * * LOW HITPOINT WARNING * * *
You are electrocuted!
* * * LOW HITPOINT WARNING * * *
Terence hits you with a +2 hand axe of electrocution.
You die...
Terence says, "Time to find some more victims."

.##...# .#...#
....# #### #...#
...
.####...###.####
...............#
..>...@†.......#
.......@.......#
###?......#....
#.#...#.# . #
#...#.#
#.#...#.#
#.#...#.#
#.......#
###...#######
##)####...#


You could see Terence.

Vanquished Creatures
  Robin (D:3)
  2 adders (D:3)
  A worm (D:2)
  An orc (D:3)
  A ball python (D:1)
  4 endoplasms
  8 goblins
  11 hobgoblins
  9 jackals
  4 bats
  A frilled lizard (D:3)
  3 kobolds
  4 rats
50 creatures vanquished.

Notes
Turn   | Place    | Note
-------+----------+-------------------------------------------
     0 | D:1      | Nedwor the Minotaur Gladiator began the quest for the Orb.
     0 | D:1      | Reached XP level 1. HP: 18/18 MP: 0/0
   141 | D:1      | Reached skill level 4 in Axes
   141 | D:1      | Reached XP level 2. HP: 25/25 MP: 1/1
   144 | D:1      | Reached skill level 1 in Armour
   584 | D:1      | Reached XP level 3. HP: 30/30 MP: 2/2
  1460 | D:3      | Noticed Robin
  1471 | D:3      | Killed Robin
  1472 | D:3      | Reached skill level 5 in Axes
  1472 | D:3      | Reached XP level 4. HP: 38/38 MP: 3/3
  1765 | D:3      | Noticed Terence
  1773 | D:3      | Slain by Terence

Illustrated notes

Levels and vault maps discovered:
D:1:      psy_arrival_dodecagon, layout_loops_cross, dreamdust_princess_bridge,
          minmay_distorted
D:2:      layout_loops_cross, nicolae_underground_beach
D:3:      layout_loops_cross, minmay_misc_feat_secret_circle, uniq_terence,
          uniq_sigmund, uniq_robin

Skill      XL: |  1  2  3 |
---------------+----------+-----
Axes           | 4 5 |  5.2
Armour         | 1 2 |  2.2
Fighting       | 3 |  3.4
Throwing       | |  2.0
Dodging        | |  3.2

Action                     |  1- 3 |  4- 6 || total
---------------------------+-------+-------++-------
  Melee: War axe           |    63 |    17 ||    80
         Headbutt          |     9 |     3 ||    12
         Punch             |     1 |       ||     1
    Use: Scroll            |     5 |       ||     5
 Armour: Scale mail        |    37 |     6 ||    43
         Leather armour    |     2 |       ||     2
         Skin              |     9 |    11 ||    20
  Dodge: Dodged            |    27 |     9 ||    36

Table legend: (Time is in decaauts)
 A = Elapsed time spent in this place.
 B = Non-inter-level travel time spent in this place.
 C = Inter-level travel time spent in this place.
 D = Time resting spent in this place.
 E = Time spent auto-exploring this place.
 F = Levels seen in this place.
 G = Mean time per level.
                   A        B        C        D        E       F      G
               +--------+--------+--------+--------+--------+-----+--------+
         Total |   1794 |   1766 |     28 |    497 |   1051 |   3 |  598.0 |
       Dungeon |   1794 |   1766 |     28 |    497 |   1051 |   3 |  598.0 |
               +--------+--------+--------+--------+--------+-----+--------+

Top non-repeatable levels by time:
     D:1: 747 daAuts
     D:2: 722 daAuts
     D:3: 323 daAuts
